TOP OF THE 1ST |
Ontario Emus batting - Pitching for Gilbert Fire Fighters : LHP Carlos Pimentel
|
Pitching: LHP Carlos Pimentel
|
|
Batting: RHB Álex Ochoa
|
0-0: Ground out 5-3 (Groundball, 56)
|
Batting: RHB Álex Martínez
|
0-0: Ball 1-0: Foul Ball, location: 2F 1-1: Ball 2-1: Foul Ball, location: 2F 2-2: Strikes out swinging
|
Batting: RHB James Hunter
|
0-0: Fly out, F9 (Flyball, 89M)
|
Top of the 1st over - 0 run(s), 0 hit(s), 0 error(s), 0 left on base; Ontario 0 - Gilbert 0 |
BOTTOM OF THE 1ST |
Gilbert Fire Fighters batting - Pitching for Ontario Emus : RHP Alejandro Hernández
|
Pitching: RHP Alejandro Hernández
|
|
Batting: RHB Ed Keesee
|
0-0: Fly out, F8 (Flyball, 8LS)
|
Batting: RHB Edgardo Castro
|
0-0: Ball 1-0: Fly out, F9 (Flyball, 89M)
|
Batting: RHB Stan Simpson
|
0-0: Ball 1-0: Called Strike 1-1: Ball 2-1: Called Strike 2-2: Ball 3-2: Base on Balls
|
Batting: RHB William Wilson
|
0-0: Called Strike 0-1: Called Strike 0-2: Ball 1-2: Strikes out looking
|
Bottom of the 1st over - 0 run(s), 0 hit(s), 0 error(s), 1 left on base; Ontario 0 - Gilbert 0 |
TOP OF THE 2ND |
Ontario Emus batting - Pitching for Gilbert Fire Fighters : LHP Carlos Pimentel
|
Batting: RHB Gustavo Medine
|
0-0: Ball 1-0: Called Strike 1-1: Foul Ball, location: 2F 1-2: Ball 2-2: Foul Ball, location: 2F 2-2: Fly out, F3 (Popup, 3F)
|
Batting: RHB Bob Corrigan
|
0-0: Called Strike 0-1: Ball 1-1: Foul Ball, location: 2F 1-2: Ball 2-2: DOUBLE (Line Drive, 89D)
|
Batting: SHB Darrel Lang
|
0-0: Ball 1-0: Ball 2-0: Called Strike 2-1: SINGLE (Groundball, 15S) (infield hit) Bob Corrigan to third
|
Batting: RHB Albert Galindo
|
0-0: Ball 1-0: Ball 2-0: Foul Ball, location: 2F 2-1: Swinging Strike 2-2: Ball 3-2: Fielders Choice at 2nd, 6-4 (Groundball, 6M) Bob Corrigan scores
|
Batting: RHB Júlio Colón
|
0-0: Ball 1-0: Ball 2-0: Fly out, F8 (Flyball, 8LM)
|
Top of the 2nd over - 1 run(s), 2 hit(s), 0 error(s), 1 left on base; Ontario 1 - Gilbert 0 |
BOTTOM OF THE 2ND |
Gilbert Fire Fighters batting - Pitching for Ontario Emus : RHP Alejandro Hernández
|
Batting: LHB Jim Knight
|
0-0: Ball 1-0: Ball 2-0: Swinging Strike 2-1: Called Strike 2-2: Strikes out swinging
|
Batting: RHB Andrés Silva
|
0-0: SINGLE (Groundball, 5D)
|
Batting: RHB Steve Bigham
|
0-0: Ball 1-0: Swinging Strike 1-1: Called Strike 1-2: Ball 2-2: Foul Ball, location: 2F 2-2: Strikes out looking
|
Batting: RHB José Hernández
|
0-0: Called Strike 0-1: Foul Ball, location: 2F 0-2: Foul Ball, location: 2F 0-2: Strikes out swinging
|
Bottom of the 2nd over - 0 run(s), 1 hit(s), 0 error(s), 1 left on base; Ontario 1 - Gilbert 0 |
TOP OF THE 3RD |
Ontario Emus batting - Pitching for Gilbert Fire Fighters : LHP Carlos Pimentel
|
Batting: LHB Elvin Summers
|
0-0: Ball 1-0: Swinging Strike 1-1: Foul Ball, location: 2F 1-2: Ball 2-2: SINGLE (Flyball, 6MD)
|
Batting: RHB Álex Ochoa
|
0-0: Ball 1-0: Ball 2-0: Foul Ball, location: 2F 2-1: Called Strike 2-2: Strikes out swinging
|
Batting: RHB Álex Martínez
|
0-0: Called Strike 0-1: Ball 1-1: Swinging Strike 1-2: Grounds into double play, 6-4-3 (Groundball, 6M)
|
Top of the 3rd over - 0 run(s), 1 hit(s), 0 error(s), 0 left on base; Ontario 1 - Gilbert 0 |
BOTTOM OF THE 3RD |
Gilbert Fire Fighters batting - Pitching for Ontario Emus : RHP Alejandro Hernández
|
Batting: RHB Scott McCullough
|
0-0: Called Strike 0-1: Foul Ball, location: 2F 0-2: Foul Ball, location: 2F 0-2: Ball 1-2: Strikes out looking
|
Batting: RHB Ed Keesee
|
0-0: Ball 1-0: Ball 2-0: Called Strike 2-1: Ground out 5-3 (Groundball, 5L)
|
Batting: RHB Edgardo Castro
|
0-0: Ball 1-0: Called Strike 1-1: Ball 2-1: Ball 3-1: Called Strike 3-2: Base on Balls
|
Batting: RHB Stan Simpson
|
0-0: Called Strike 0-1: Ball 1-1: SINGLE (Flyball, 8LS) Edgardo Castro to second
|
Batting: RHB William Wilson
|
0-0: Ball 1-0: Ball 2-0: Ground out 6-3 (Groundball, 6)
|
Bottom of the 3rd over - 0 run(s), 1 hit(s), 0 error(s), 2 left on base; Ontario 1 - Gilbert 0 |
TOP OF THE 4TH |
Ontario Emus batting - Pitching for Gilbert Fire Fighters : LHP Carlos Pimentel
|
Batting: RHB James Hunter
|
0-0: Called Strike 0-1: Ball 1-1: Foul Ball, location: 2F 1-2: Ball 2-2: SINGLE (Groundball, 5L)
|
Batting: RHB Gustavo Medine
|
0-0: Ball 1-0: DOUBLE (Flyball, 78M) James Hunter to third Runner from 3rd tries for Home, SAFE, throw made home
|
Batting: RHB Bob Corrigan
|
0-0: Ball 1-0: Foul Ball, location: 2F 1-1: Foul Ball, location: 2F 1-2: Ball Single, Error in OF, E8, batter to second base Gustavo Medine scores
|
Batting: SHB Darrel Lang
|
0-0: Ball 1-0: Ball 2-0: Foul Ball, location: 2F 2-1: Fly out, F7 (Flyball, 78M)
|
Batting: RHB Albert Galindo
|
0-0: Ball 1-0: Foul Ball, location: 2F 1-1: DOUBLE (Line Drive, 7LS) Bob Corrigan scores
|
Batting: RHB Júlio Colón
|
0-0: Called Strike 0-1: Ball 1-1: Swinging Strike 1-2: Strikes out looking
|
Batting: LHB Elvin Summers
|
0-0: Called Strike 0-1: Foul Ball, location: 2F 0-2: SINGLE (Groundball, 34D) Albert Galindo to third Runner from 3rd tries for Home, SAFE, no throw or cutoff
|
Batting: RHB Álex Ochoa
|
0-0: Ball 1-0: Ball 2-0: Fly out, F8 (Flyball, 8RM)
|
Top of the 4th over - 4 run(s), 5 hit(s), 1 error(s), 1 left on base; Ontario 5 - Gilbert 0 |
BOTTOM OF THE 4TH |
Gilbert Fire Fighters batting - Pitching for Ontario Emus : RHP Alejandro Hernández
|
Batting: LHB Jim Knight
|
0-0: Ground out 4-3 (Groundball, 34)
|
Batting: RHB Andrés Silva
|
0-0: Swinging Strike 0-1: Ball 1-1: Fly out, F9 (Flyball, 9LMF)
|
Batting: RHB Steve Bigham
|
0-0: Ball 1-0: Ball 2-0: Foul Ball, location: 2F 2-1: Called Strike 2-2: Strikes out swinging
|
Bottom of the 4th over - 0 run(s), 0 hit(s), 0 error(s), 0 left on base; Ontario 5 - Gilbert 0 |
TOP OF THE 5TH |
Ontario Emus batting - Pitching for Gilbert Fire Fighters : LHP Carlos Pimentel
|
Batting: RHB Álex Martínez
|
0-0: Ball 1-0: Ball 2-0: Ball 3-0: Called Strike 3-1: Called Strike 3-2: SINGLE (Flyball, 8RS)
|
Pitching: LHP Miguel Rodríguez
|
|
Batting: RHB James Hunter
|
0-0: Ball 1-0: Ball 2-0: Ball 3-0: Called Strike 3-1: 2-RUN HOME RUN (Flyball, 7D), Distance : 383 ft
|
Batting: RHB Gustavo Medine
|
0-0: Ball 1-0: Ball 2-0: Fly out, F9 (Flyball, 89M)
|
Batting: RHB Bob Corrigan
|
0-0: Foul Ball, location: 2F 0-1: Foul Ball, location: 2F 0-2: Ball 1-2: Foul Ball, location: 2F 1-2: Ball 2-2: Strikes out swinging
|
Batting: SHB Darrel Lang
|
0-0: Called Strike 0-1: Foul Ball, location: 2F 0-2: DOUBLE (Line Drive, 7LS)
|
Batting: RHB Albert Galindo
|
0-0: Called Strike 0-1: Ball 1-1: Ball 2-1: Swinging Strike 2-2: Foul Ball, location: 2F 2-2: Strikes out swinging
|
Top of the 5th over - 2 run(s), 3 hit(s), 0 error(s), 1 left on base; Ontario 7 - Gilbert 0 |
BOTTOM OF THE 5TH |
Gilbert Fire Fighters batting - Pitching for Ontario Emus : RHP Alejandro Hernández
|
Batting: RHB José Hernández
|
0-0: Called Strike 0-1: Swinging Strike 0-2: Ball 1-2: Foul Ball, location: 2F 1-2: Foul Ball, location: 2F 1-2: Ball 2-2: Foul Ball, location: 2F 2-2: Strikes out swinging
|
Batting: RHB Scott McCullough
|
0-0: Ball 1-0: SINGLE (Line Drive, 3D)
|
Batting: RHB Ed Keesee
|
0-0: Fielders Choice at 2nd, 1-6 (Groundball, 13S)
|
Batting: RHB Edgardo Castro
|
0-0: Fielders Choice at 2nd, 5-4 (Groundball, 5)
|
Bottom of the 5th over - 0 run(s), 1 hit(s), 0 error(s), 0 left on base; Ontario 7 - Gilbert 0 |
TOP OF THE 6TH |
Ontario Emus batting - Pitching for Gilbert Fire Fighters : LHP Miguel Rodríguez
|
Batting: RHB Júlio Colón
|
0-0: Ground out 6-3 (Groundball, 6)
|
Batting: LHB Elvin Summers
|
0-0: Ground out 4-3 (Groundball, 34)
|
Batting: RHB Álex Ochoa
|
0-0: Ball 1-0: Called Strike 1-1: Fly out, F4 (Popup, 34)
|
Top of the 6th over - 0 run(s), 0 hit(s), 0 error(s), 0 left on base; Ontario 7 - Gilbert 0 |
BOTTOM OF THE 6TH |
Gilbert Fire Fighters batting - Pitching for Ontario Emus : RHP Alejandro Hernández
|
Batting: RHB Stan Simpson
|
0-0: Ball 1-0: Ball 2-0: Ground out 5-3 (Groundball, 56)
|
Batting: RHB William Wilson
|
0-0: Ball 1-0: Swinging Strike 1-1: Foul Ball, location: 2F 1-2: Ball 2-2: Strikes out looking
|
Batting: LHB Jim Knight
|
0-0: Ball 1-0: Ground out 4-3 (Groundball, 4M)
|
Bottom of the 6th over - 0 run(s), 0 hit(s), 0 error(s), 0 left on base; Ontario 7 - Gilbert 0 |
TOP OF THE 7TH |
Ontario Emus batting - Pitching for Gilbert Fire Fighters : LHP Miguel Rodríguez
|
Pitching: RHP Ernest Elliott
|
|
Batting: RHB Álex Martínez
|
0-0: Ground out 1-3 (Groundball, 13S)
|
Batting: RHB James Hunter
|
0-0: SOLO HOME RUN (Line Drive, 7LD), Distance : 367 ft
|
Batting: RHB Gustavo Medine
|
0-0: TRIPLE (Flyball, 9LM)
|
Batting: RHB Bob Corrigan
|
0-0: DOUBLE (Groundball, 5L) Gustavo Medine scores
|
Batting: SHB Darrel Lang
|
0-0: Foul Ball, location: 2F 0-1: Foul Ball, location: 2F 0-2: Ball 1-2: Ball 2-2: Ball 3-2: Strikes out swinging
|
Batting: RHB Albert Galindo
|
0-0: Ball 1-0: Foul Ball, location: 2F 1-1: Foul Ball, location: 2F 1-2: Foul Ball, location: 2F 1-2: Foul Ball, location: 2F 1-2: Ball 2-2: Foul Ball, location: 2F 2-2: Foul Ball, location: 2F 2-2: SINGLE (Groundball, 6MD) Bob Corrigan to third Runner from 3rd tries for Home, SAFE, no throw or cutoff
|
Batting: RHB Júlio Colón
|
0-0: Called Strike 0-1: Ball 1-1: DOUBLE (Flyball, 89D) Albert Galindo to third Runner from 3rd tries for Home, SAFE, no throw or cutoff
|
Batting: LHB Elvin Summers
|
0-0: Called Strike 0-1: Ball 1-1: Ball 2-1: Foul Ball, location: 2F 2-2: DOUBLE (Line Drive, 9LS) Júlio Colón scores
|
Batting: RHB Álex Ochoa
|
0-0: Swinging Strike 0-1: Ball 1-1: Hit by Pitch
|
Batting: RHB Álex Martínez
|
0-0: Ball 1-0: Called Strike 1-1: Swinging Strike 1-2: Ball 2-2: Fly out, F4 (Line Drive, 4)
|
Top of the 7th over - 5 run(s), 6 hit(s), 0 error(s), 2 left on base; Ontario 12 - Gilbert 0 |
BOTTOM OF THE 7TH |
Gilbert Fire Fighters batting - Pitching for Ontario Emus : RHP Alejandro Hernández
|
Pitching: RHP Max Briggs
|
|
Batting: RHB Andrés Silva
|
0-0: Ball 1-0: Ball 2-0: SINGLE (Groundball, 6MD)
|
Batting: RHB Steve Bigham
|
0-0: Ball 1-0: Called Strike 1-1: Ball 2-1: Called Strike 2-2: Foul Ball, location: 2F 2-2: Fly out, F8 (Line Drive, 8LM)
|
Batting: RHB José Hernández
|
0-0: Ball 1-0: Called Strike 1-1: Ball 2-1: Fly out, F5 (Line Drive, 56)
|
Batting: RHB Scott McCullough
|
0-0: Called Strike 0-1: Swinging Strike 0-2: Foul Ball, location: 2F 0-2: Foul Ball, location: 2F 0-2: Foul Ball, location: 2F 0-2: Strikes out looking
|
Bottom of the 7th over - 0 run(s), 1 hit(s), 0 error(s), 1 left on base; Ontario 12 - Gilbert 0 |
TOP OF THE 8TH |
Ontario Emus batting - Pitching for Gilbert Fire Fighters : RHP Ernest Elliott
|
Batting: RHB James Hunter
|
0-0: Called Strike 0-1: Ball 1-1: DOUBLE (Line Drive, 9LS)
|
Batting: RHB Gustavo Medine
|
0-0: Ball 1-0: 2-RUN HOME RUN (Flyball, 7D), Distance : 397 ft
|
Batting: RHB Bob Corrigan
|
0-0: Called Strike 0-1: Ball 1-1: Foul Ball, location: 2F 1-2: Ball 2-2: Foul Ball, location: 2F 2-2: Ball 3-2: Base on Balls
|
Batting: SHB Darrel Lang
|
0-0: Called Strike Pickoff Throw by Catcher to First - Error! E2 Bob Corrigan to second 0-1: DOUBLE (Popup, 56D) Bob Corrigan scores
|
Pinch Hitting: RHB Ánibal Soto
|
0-0: Called Strike 0-1: Bunted foul 0-2: Reached on error, E5 (Groundball, 5S) Darrel Lang to third
|
Pitching: RHP Armando Rodríguez
|
|
Batting: RHB Júlio Colón
|
0-0: Ball 1-0: Foul Ball, location: 2F 1-1: Ball 2-1: Called Strike 2-2: Ball 3-2: Foul Ball, location: 2F 3-2: Strikes out swinging
|
Pinch Hitting: RHB Carlos Estrada
|
0-0: Called Strike 0-1: Fly out, F7 (Flyball, 7LMF) Runner from 3rd tags up, SCORES, throw made
|
Batting: RHB Álex Ochoa
|
0-0: Swinging Strike 0-1: Foul Ball, location: 2F 0-2: Ball 1-2: Strikes out swinging
|
Top of the 8th over - 4 run(s), 3 hit(s), 2 error(s), 1 left on base; Ontario 16 - Gilbert 0 |
BOTTOM OF THE 8TH |
Gilbert Fire Fighters batting - Pitching for Ontario Emus : RHP Max Briggs
|
Now at SS: Ánibal Soto
|
|
Now in LF: César Maldonado
|
|
Batting: RHB Ed Keesee
|
0-0: Ball 1-0: Fly out, F9 (Flyball, 89M)
|
Batting: RHB Edgardo Castro
|
0-0: Ball 1-0: Ball 2-0: Ball 3-0: Called Strike 3-1: Called Strike 3-2: Base on Balls
|
Batting: RHB Stan Simpson
|
0-0: Ball 1-0: Fielders Choice at 2nd, 1-4 (Groundball, 13S)
|
Batting: RHB William Wilson
|
0-0: Fly out, F9 (Flyball, 89M)
|
Bottom of the 8th over - 0 run(s), 0 hit(s), 0 error(s), 1 left on base; Ontario 16 - Gilbert 0 |
TOP OF THE 9TH |
Ontario Emus batting - Pitching for Gilbert Fire Fighters : RHP Armando Rodríguez
|
Batting: RHB Álex Martínez
|
0-0: Foul Ball, location: 2F 0-1: Ball 1-1: Swinging Strike 1-2: Ball 2-2: Strikes out swinging
|
Pinch Hitting: RHB Vernon Sterling
|
0-0: Called Strike 0-1: Called Strike 0-2: Ball 1-2: Ball 2-2: Ball 3-2: Ground out 4-3 (Groundball, 4)
|
Batting: RHB Gustavo Medine
|
0-0: Ball 1-0: Fly out, F8 (Flyball, 8RM)
|
Top of the 9th over - 0 run(s), 0 hit(s), 0 error(s), 0 left on base; Ontario 16 - Gilbert 0 |
BOTTOM OF THE 9TH |
Gilbert Fire Fighters batting - Pitching for Ontario Emus : RHP Max Briggs
|
Now at C: John Robertson
|
|
Now at 3B: Jack Crossey
|
|
Batting: LHB Jim Knight
|
0-0: Ball 1-0: Foul Ball, location: 2F 1-1: SINGLE (Line Drive, 9LS)
|
Batting: RHB Andrés Silva
|
0-0: Swinging Strike 0-1: Grounds into double play, 6-4-3 (Groundball, 6)
|
Batting: RHB Steve Bigham
|
0-0: Swinging Strike 0-1: Ball 1-1: Foul Ball, location: 2F 1-2: Strikes out looking
|
Bottom of the 9th over - 0 run(s), 1 hit(s), 0 error(s), 0 left on base; Ontario 16 - Gilbert 0 |
|